Map: [TLMC14] Blackburn

Players

Cure - Winner!

  • Race: Terran Terran

Dream

  • Race: Terran Terran

Event: DreamHack SC2 Masters Last Chance 2022

VOD

Have the link to the VOD?

Description

Time

  • Played on: Jan. 14, 2022, 9:10 a.m.
  • Length: 10:54

All games in this series

Show
View Real Time Build Order
Export as new Build Order

Cure Terran - Winner!

Build Orders:  

Get SALT Encoding   

  12  0:00  SCV  
  13  0:12  SCV  
  14  0:17  Supply Depot  
  14  0:24  SCV  
  15  0:39  SCV  
  15  0:40  Barracks  
  16  0:43  Refinery  
  16  0:51  SCV  
  17  0:58  Barracks  
  17  1:03  SCV  
  18  1:15  SCV  
  19  1:19  Barracks  
  19  1:26  Reaper  
  19  1:29  Refinery  
  20  1:44  Orbital Command  
  20  1:47  Reaper  
  21  1:54  Supply Depot  
  21  1:58  Reaper  
  22  2:08  Reaper  
  23  2:16  SCV  
  23  2:19  Reaper  
  25  2:28  SCV  
  26  2:31  Reaper, Supply Depot  
  27  2:40  SCV  
  27  2:41  Reaper  
  29  2:51  Reaper  
  29  2:52  SCV  
  31  3:03  Reaper  
  31  3:04  SCV  
  32  3:14  Reaper  
  32  3:17  SCV  
  32  3:19  Command Center  
  33  3:32  Barracks Reactor  
  33  3:33  SCV  
  34  3:34  Factory  
  34  3:35  Barracks Tech Lab  
  34  3:45  SCV  
  34  3:56  Marine  
  34  3:58  Stimpack  
  34  3:59  SCV  
  34  4:02  Supply Depot, Barracks Tech Lab  
  36  4:12  SCV  
  37  4:22  Marine x2  
  37  4:23  Marine  
  37  4:24  Starport, SCV  
  41  4:26  Factory Reactor  
  41  4:30  Orbital Command  
  41  4:31  Marine  
  41  4:36  SCV  
  41  4:38  Refinery  
  43  4:40  Bunker  
  43  4:41  Marine x2  
  43  4:44  Marine  
  46  4:49  Marine  
  46  4:52  SCV  
  46  4:54  Combat Shield  
  46  4:57  SCV  
  47  5:01  Marine x2  
  47  5:04  SCV  
  47  5:06  Marine  
  47  5:07  Marine  
  49  5:12  SCV  
  51  5:16  Medivac, SCV  
  51  5:18  Medivac  
  51  5:19  Marine  
  57  5:21  Supply Depot  
  57  5:23  Marine  
  57  5:25  Marine  
  57  5:26  Marine  
  60  5:29  SCV  
  60  5:30  SCV  
  60  5:34  Engineering Bay  
  62  5:43  Marine x2, SCV x2  
  62  5:45  Supply Depot  
  66  5:51  Barracks Reactor  
  66  5:55  Supply Depot, SCV x2  
  68  5:59  Terran Infantry Weapons Level 1  
  68  6:01  Marine x2  
  70  6:06  Marine  
  70  6:07  Siege Tank  
  74  6:16  SCV  
  74  6:17  SCV  
  74  6:19  Marine x2  
  74  6:24  Marine  
  76  6:28  SCV  
  76  6:29  SCV  
  76  6:31  Medivac  
  77  6:36  Marine x2  
  77  6:38  Marine x2  
  77  6:39  Siege Tank  
  72  6:42  Medivac, Marine  
  72  6:45  Refinery  
  71  6:48  Supply Depot  
  71  6:49  Supply Depot  
  71  6:54  Marine x2  
  71  6:56  Marine x2  
  75  7:03  Medivac, Marine  
  78  7:11  Siege Tank  
  78  7:12  Medivac, Marine x2  
  78  7:14  Marine x2  
  87  7:21  Marine  
  88  7:22  Command Center  
  88  7:29  SCV x2  
  89  7:30  Marine x2  
  89  7:31  Marine x2  
  93  7:37  Command Center  
  93  7:47  Marine, Siege Tank  
  93  7:48  Marine x2  
  93  7:49  Marine  
  100  7:59  Marine  
  100  8:01  Medivac  
  100  8:04  Medivac  
  102  8:09  Marine  
  102  8:13  Marine x2  
  102  8:14  Supply Depot  
  102  8:15  Supply Depot, Marine  
  102  8:17  Marine  
  102  8:26  Marine  
  99  8:30  Siege Tank  
  99  8:31  Marine x2  
  99  8:33  Marine  
  104  8:35  Marine  
  104  8:38  Viking  
  98  8:44  Marine  
  93  8:49  Marine x2  
  93  8:50  Marine  
  93  8:53  Marine  
  90  9:02  Marine  
  85  9:05  Siege Tank  
  83  9:10  Marine  
  82  9:22  Marine x2  
  83  9:25  Marine  
Show
View Real Time Build Order
Export as new Build Order

Dream Terran 

Build Orders:  

Get SALT Encoding   

  12  0:00  SCV  
  13  0:12  SCV  
  14  0:18  Supply Depot  
  14  0:24  SCV  
  15  0:39  SCV  
  15  0:40  Barracks  
  16  0:43  Refinery  
  16  0:51  SCV  
  16  0:53  Refinery  
  17  1:03  SCV  
  18  1:16  SCV  
  19  1:26  Reaper  
  19  1:28  Orbital Command  
  19  1:30  Supply Depot  
  20  1:41  Factory  
  20  1:53  SCV  
  21  1:58  Reaper  
  22  2:05  SCV  
  23  2:17  SCV  
  23  2:21  Command Center  
  24  2:27  Hellion  
  27  2:30  SCV  
  27  2:32  Barracks Reactor  
  27  2:41  Starport  
  27  2:42  SCV  
  28  2:48  Supply Depot  
  28  2:50  Factory Tech Lab  
  28  2:58  SCV  
  28  3:08  Marine  
  28  3:10  Cyclone  
  29  3:20  Marine  
  29  3:23  SCV  
  31  3:33  Starport Tech Lab  
  30  3:36  SCV  
  30  3:37  Marine  
  30  3:38  Marine  
  33  3:44  Cyclone  
  36  3:49  SCV  
  36  3:54  Orbital Command  
  37  4:03  SCV  
  37  4:06  Marine  
  37  4:07  Raven  
  40  4:14  Marine  
  40  4:15  SCV  
  42  4:20  SCV  
  43  4:26  Refinery  
  43  4:27  SCV  
  43  4:30  Siege Tank  
  47  4:33  SCV  
  47  4:37  Supply Depot  
  48  4:39  Marine, SCV  
  48  4:40  Marine  
  48  4:45  SCV  
  52  4:47  Supply Depot  
  52  4:51  SCV  
  51  4:57  SCV  
  51  4:59  Marine  
  53  5:00  Marine  
  53  5:03  SCV  
  55  5:09  SCV, Raven  
  55  5:12  Supply Depot  
  58  5:16  SCV  
  58  5:17  Marine  
  58  5:18  Marine  
  62  5:21  SCV  
  62  5:28  SCV  
  63  5:33  Command Center  
  63  5:34  SCV  
  63  5:35  Refinery  
  64  5:38  Siege Tank  
  64  5:40  SCV  
  68  5:46  SCV  
  71  5:52  SCV  
  71  5:53  Supply Depot  
  70  5:58  SCV  
  70  6:01  Viking x2  
  75  6:04  SCV  
  75  6:10  SCV  
  77  6:14  Marine  
  77  6:15  Siege Tank  
  77  6:16  SCV  
  74  6:22  SCV  
  71  6:28  SCV  
  71  6:32  Marine  
  63  6:34  SCV  
  61  6:40  SCV, Liberator, Viking  
  61  6:46  Orbital Command  
  61  6:47  SCV, Siege Tank  
  65  6:50  Marine  
  65  6:52  SCV  
  70  6:59  SCV  
  71  7:04  SCV  
  72  7:09  Barracks, Barracks Tech Lab  
  72  7:11  SCV  
  72  7:13  Barracks  
  72  7:14  SCV  
  74  7:17  SCV  
  77  7:23  Viking  
  77  7:24  SCV  
  77  7:25  Viking  
  77  7:26  SCV  
  77  7:29  Marine  
  82  7:40  Siege Tank  
  82  7:43  Bunker  
  85  7:44  SCV x2  
  85  7:45  SCV  
  85  7:47  Marine  
  89  7:56  SCV  
  57  8:08  SCV  
  28  9:11  Command Center  

Tags
 
Add a new tag
Caveats
  • Supply blocks, unpowered buildings, or Contaminate may cause inaccurate times.
  • Supply counts are checked every 10 seconds.